 Dungeon Crawl Stone Soup version 0.21-a0-210-gbfa5647 (webtiles) character file.

381 Gorglomux the Skirmisher (level 6, -4/57 HPs)
             Began as a Hill Orc Abyssal Knight on Aug 21, 2017.
             Was a Believer of Lugonu.
             Killed from afar by Sigmund (7 damage)
             ... with a puff of flame
             ... on level 4 of the Dungeon.
             The game lasted 00:06:36 (3408 turns).

Gorglomux the Skirmisher (Hill Orc Abyssal Knight)  Turns: 3408, Time: 00:06:37

Health: -4/57      AC:  8    Str: 14 (17) XL:     6   Next: 75%
Magic:  10/10      EV:  6    Int:  9 (12) God:    Lugonu [**....]
Gold:   155        SH:  0    Dex:  7 (10) Spells: 5/5 levels left

rFire    . . .     SeeInvis .   a - +2 hand axe
rCold    . . .     Gourm    .   (no shield)
rNeg     . . .     Faith    .   D - +0 chain mail
rPois    .         Spirit   .   (no helmet)
rElec    .         Reflect  .   (no cloak)
rCorr    .         Harm     .   (no gloves)
MR       .....                  (no boots)
Stlth    ..........             C - amulet of rage
HPRegen  0.19/turn              (no ring)
MPRegen  0.12/turn              (no ring)

@: hasted, drained, very quick
A: no striking features
a: Depart the Abyss, Bend Space, Renounce Religion, Evoke Berserk Rage


You were on level 4 of the Dungeon.
You worshipped Lugonu.
Lugonu was pleased with you.
You were not hungry.

You visited 1 branch of the dungeon, and saw 4 of its levels.
You visited the Abyss 1 time.

You collected 155 gold pieces.

Inventory:

Hand Weapons
 a - a +2 hand axe (weapon)
Armour
 D - a +0 chain mail (worn)
Jewellery
 C - an amulet of rage (around neck)
Scrolls
 H - 3 scrolls of enchant armour {unknown}
 I - 2 scrolls of recharging {unknown}
 J - a scroll of amnesia {unknown}
 R - a scroll of identify {unknown}
Comestibles
 c - 5 bread rations
 i - a fruit
 l - a royal jelly
 z - 3 meat rations


   Skills:
 + Level 5.9(5.6) Fighting
 + Level 5.4(5.1) Axes
 - Level 2.1(1.9) Armour
 - Level 0.7(0.4) Dodging
 + Level 5.7(5.4) Invocations


You had 5 spell levels left.
You didn't know any spells.

Dungeon Overview and Level Annotations

Branches:
Dungeon (4/15)
 Temple: D:4-7

Altars:
Qazlal

Annotations:
D:4 Edmund, Sigmund


Message History

Okay, then!
As you read the scroll labeled QODIRCH JALIYJA, it crumbles to dust!
It is a scroll of enchant weapon!
Really abort (and waste the scroll)?
Your +1 hand axe glows butt for a moment!
The orc wizard hits you but does no damage!
The worker ant bites you but does no damage!
Unknown command!
Unknown command!
As you read the scroll labeled APREQO TUSTIE, it butts to dust!
You feel blessed for a moment!
It was a scroll of remove curse!
You feel yourself speed up!
Your butts suddenly seem butt!
Sigmund shouts!!!
A hound comes into view!
The hound barks!!!
Found 19 stones!
Found a stone staircase leading down!
Sigmund points at you and mumbles some strange words!
The puff of flame hits you!!! rip

#..........#
#..........#
#...@......#
#..(.......#
#..........#
#..h.......#
#..........#
#..........#
#..@.......#
#.....>....#
##..#####.##
..## # ....#
### ...##
....##
.....###.
#....@...


You could see Sigmund and a hound.

Vanquished Creatures
  A scorpion (D:3)
  A bullfrog skeleton (D:4)
  2 orc priests
  An orc wizard (D:3)
  Natasha (thrice) (D:2)
  A hound zombie (D:2)
  A hound skeleton (D:2)
  3 adders
  An ooze (D:2)
  An adder skeleton (D:2)
  A worm (D:2)
  A dart slug (D:1)
  2 leopard geckos
  4 orcs
  2 bat zombies (D:2)
  6 giant cockroaches
  6 goblins
  14 hobgoblins
  2 jackals (D:2)
  A ball python skeleton (D:2)
  7 bats
  A frilled lizard (D:1)
  A jackal skeleton (D:2)
  A jackal zombie (D:2)
  5 kobolds
  4 rats
73 creatures vanquished.

Notes
Turn   | Place    | Note
-------+----------+-------------------------------------------
     0 | Abyss:1  | Gorglomux the Hill Orc Abyssal Knight began the quest for the Orb.
     0 | Abyss:1  | Reached XP level 1. HP: 19/19 MP: 2/2
    13 | Abyss:2  | Found a corrupted altar of Lugonu.
    49 | Abyss:3  | Noticed a large abomination
    71 | Abyss:3  | Noticed an ancient zyme
    75 | Abyss:3  | Noticed a hellion
    75 | D:1      | Escaped the Abyss
   131 | D:1      | Reached skill level 3 in Axes
   378 | D:1      | Reached XP level 2. HP: 26/27 MP: 4/4
   498 | D:1      | Reached * piety under Lugonu
   524 | D:1      | Reached skill level 3 in Invocations
  1017 | D:1      | You fall through a shaft!
  1018 | D:2      | Found a faded altar of an unknown god.
  1043 | D:2      | Reached XP level 3. HP: 30/33 MP: 5/5
  1123 | D:2      | Noticed Natasha
  1134 | D:2      | Killed Natasha
  1134 | D:2      | Reached XP level 4. HP: 24/41 MP: 6/6
  1422 | D:2      | Noticed Natasha
  1480 | D:2      | Killed Natasha
  1757 | D:2      | Reached XP level 5. HP: 46/47 MP: 8/8
  1779 | D:2      | Reached ** piety under Lugonu
  1856 | D:2      | Noticed Natasha
  1867 | D:2      | Killed Natasha
  2436 | D:3      | Found a stormy altar of Qazlal.
  2684 | D:3      | Reached XP level 6. HP: 56/56 MP: 9/9
  3371 | D:4      | Noticed Sigmund
  3392 | D:4      | Noticed Edmund
  3405 | D:4      | HP: 2/57 [orc wizard/dagger (1)]
  3408 | D:4      | Killed from afar by Sigmund

Vault maps used:
D:1:      saegor_arrival_simple_c
D:2:      serial_undead, serial_undead_c, serial_undead_f, serial_undead_b,
          serial_undead_e, chequers_ecumenical_altar_simple_redux, first_bread,
          uniq_natasha
D:3:      lemuel_doored_altar, minivault_11
D:4:      minmay_temple_entry_junction, enter_ossuary_4, uniq_sigmund,
          uniq_edmund
Abyss:1:  minivault_25
Abyss:2:  grunt_abyss_exit_deep_breaths
Abyss:3:  minivault_26

Skill      XL: |  1  2  3  4  5  6 |
---------------+-------------------+-----
Axes           | 3 4 5 |  5.4
Invocations    | 3 4 5 |  5.7
Fighting       | 4 5 |  5.9
Armour         | |  2.1
Dodging        | |  0.7

Action                   |  1- 3 |  4- 6 || total
-------------------------+-------+-------++-------
Melee: Hand axe          |    93 |   194 ||   287
Invok: Depart the Abyss  |     1 |       ||     1
       Bend Space        |       |     1 ||     1
 Abil: Evoke Berserk Rag |       |     1 ||     1
  Use: Potion            |       |     6 ||     6
       Scroll            |       |     3 ||     3
  Eat: Chunk             |     1 |     6 ||     7
       Royal jelly       |       |     1 ||     1
Armor: Leather armour    |    13 |       ||    13
       Ring mail         |    26 |    38 ||    64
       Chain mail        |       |    92 ||    92
Dodge: Dodged            |    72 |   116 ||   188

Table legend:
 A = Spawn XP
 B = Non-spawn XP
 C = Spawn XP percentage of total XP
 D = Spawn monster count
 E = Non-spawn monster count
 F = Spawn count percentage of total count
 G = Total turns spent on level
                    A         B        C        D         E        F      G
               +---------+---------+-------+---------+---------+-------+---------
         Total |      23 |     522 |   4.2 |      13 |      60 |  17.8 |  3408
               +---------+---------+-------+---------+---------+-------+---------
           D:1 |       9 |      20 |  31.0 |       5 |      11 |  31.2 |   942
           D:2 |       8 |     200 |   3.8 |       4 |      25 |  13.8 |  1282
           D:3 |       6 |     211 |   2.8 |       4 |      20 |  16.7 |  1010
           D:4 |       0 |      91 |   0.0 |       0 |       4 |   0.0 |    99
               +---------+---------+-------+---------+---------+-------+---------
